 Dungeon Crawl Stone Soup version 0.30-a0-996-ga6910c8ee8 (webtiles) character file.

Game seed: 913236913755928269

2419 jimonade the Spear-Bearer (level 9, -2/79 HPs)
             Began as a Hill Orc Monk on Apr 4, 2023.
             Was a Priest of Beogh.
             Slain by an orc warrior
             ... wielding a +0 scimitar
              (10 damage)
             ... on level 8 of the Dungeon.
             The game lasted 00:22:07 (8850 turns).

jimonade the Spear-Bearer (Hill Orc Monk)           Turns: 8850, Time: 00:22:07

Health: -2/79      AC: 18    Str: 23    XL:     9   Next: 48%
Magic:  14/14      EV:  6    Int: 10    God:    Beogh [***...]
Gold:   1414       SH:  8    Dex: 13    Spells: 8/8 levels left

rFire   + . .      SeeInvis .    a - +0 spear
rCold   . . .      Faith    .    u - +0 kite shield
rNeg    + . .      Spirit   .    J - +0 plate armour
rPois   +          Reflect  .    p - +0 helmet
rElec   .          Rampage  .    M - +2 cloak
rCorr   .                        (no gloves)
Will    .....                    G - +0 pair of boots Stlth
                                 (no amulet)
HPRegen 0.33/turn                I - ring of poison resistance
MPRegen 0.14/turn                e - ring of the Soothsayer {rF+ rN+ Str+5}

@: no status effects
A: no striking features
a: Renounce Religion, Smiting


You were on level 8 of the Dungeon.
You worshipped Beogh.
Beogh was most pleased with you.
You visited 1 branch of the dungeon, and saw 8 of its levels.

You collected 1414 gold pieces.

Inventory:

Hand Weapons
 a - a +0 spear (weapon)
 i - a +0 mace
 l - a +1 antimagic whip
 r - a +0 sling
 s - a +1 halberd
 x - a +0 spear
 C - a +0 flail
 E - a +1 dagger of protection
Missiles
 f - 4 boomerangs
 k - 106 stones
 q - 16 poisoned darts (quivered)
Armour
 b - a +0 robe
 d - a +0 chain mail
 p - a +0 helmet (worn)
 u - a +0 kite shield (worn)
 z - a +0 leather armour
 G - a +0 pair of boots (worn)
 H - a +3 ring mail
 J - a +0 plate armour (worn)
 M - a +2 cloak (worn)
 O - a +0 plate armour
 Q - a +0 chain mail
Jewellery
 e - the ring of the Soothsayer (right hand) {rF+ rN+ Str+5}
   (You acquired it on level 4 of the Dungeon)

   [ring of protection from fire]

   Str:       It affects your strength (+5).
   rF:        It protects you from fire.
   rN:        It protects you from negative energy.
 w - a ring of wizardry
 I - a ring of poison resistance (left hand)
Wands
 y - a wand of flame (27)
 B - a wand of polymorph (1)
 D - a wand of paralysis (9)
 K - a wand of digging (7)
Scrolls
 g - a scroll of amnesia
 h - 2 scrolls of teleportation
 m - a scroll of enchant weapon
 v - 4 scrolls of fog
 N - a scroll of identify
Potions
 c - a potion of ambrosia
 j - 4 potions of curing
 n - 3 potions of heal wounds
 o - 2 potions of mutation {unknown}
 t - 2 potions of might {unknown}
 A - a potion of attraction {unknown}
 F - 2 potions of haste {unknown}
 L - a potion of invisibility {unknown}
 P - 2 potions of flight {unknown}


   Skills:
 + Level 7.4 Fighting
 + Level 8.4 Polearms
 + Level 0.3 Throwing
 + Level 5.6 Armour
 + Level 3.3 Dodging
 - Level 1.5 Stealth
 + Level 2.4 Shields
 * Level 7.3 Invocations


You had 8 spell levels left.
You didn't know any spells.
Your spell library contained the following spells:

 Spells                   Type           Power      Damage    Failure   Level
 Sandblast                Erth           0%         2d4       100%        1
 Ensorcelled Hibernation  Hex/Ice        0%         N/A       100%        2
 Passwall                 Tmut/Erth      0%         N/A       100%        2
 Dazzling Flash           Conj/Hex       0%         N/A       100%        3
 Portal Projectile        Hex/Tloc       0%         N/A       100%        3
 Stone Arrow              Conj/Erth      0%         3d7       100%        3
 Summon Guardian Golem    Hex/Summ       0%         N/A       100%        3
 Swiftness                Air            0%         N/A       100%        3
 Tukima's Dance           Hex            0%         N/A       100%        3
 Iskenderun's Mystic Bla  Conj/Tloc      0%         2d3       100%        4
 Blade Hands              Tmut           0%         N/A       100%        5
 Starburst                Conj/Fire      0%         6d3       100%        6
 Enfeeble                 Hex            0%         N/A       100%        7


Dungeon Overview and Level Annotations

Branches:
Dungeon (8/15)             Temple (0/1) D:7
   Lair: D:8-11

Altars:
Cheibriados
Elyvilon
Gozag
Kikubaaqudgha
Makhleb
Nemelex Xobeh
Ru
Vehumet
Wu Jian

Shops:
D:6 *

Annotations:
D:2 exclusion: downstairs
D:3 1 runed translucent door, Crazy Yiuf, Grinder


Message History

The orc warrior is moderately wounded.
Reach: a) +0 spear
Press: ? - help, Dir - move target, f/p - orc warrior
Aim: an orc warrior, wielding a +0 scimitar and wearing a +0 plate armour (moderately wounded, ally target, about 33% to evade your +0 spear)
You hit the orc warrior.
The orc warrior is heavily wounded.
You block the orc warrior's attack.
Reach: a) +0 spear
Press: ? - help, Dir - move target, f/p - orc warrior
Aim: an orc warrior, wielding a +0 scimitar and wearing a +0 plate armour (heavily wounded, ally target, about 33% to evade your +0 spear)
You closely miss the orc warrior.
The orc warrior is heavily wounded.
The orc warrior hits you with a +0 scimitar.
* * * LOW HITPOINT WARNING * * *
Reach: a) +0 spear
Press: ? - help, Dir - move target, f/p - orc warrior
Aim: an orc warrior, wielding a +0 scimitar and wearing a +0 plate armour (heavily wounded, ally target, about 33% to evade your +0 spear)
You hit the orc warrior.
The orc warrior is heavily wounded.
Reach: a) +0 spear
Press: ? - help, Dir - move target, f/p - orc warrior
Aim: an orc warrior, wielding a +0 scimitar and wearing a +0 plate armour (heavily wounded, ally target, about 33% to evade your +0 spear)
You barely miss the orc warrior.
The orc warrior is heavily wounded.
You block the orc warrior's attack.
Reach: a) +0 spear
Press: ? - help, Dir - move target, f/p - orc warrior
Aim: an orc warrior, wielding a +0 scimitar and wearing a +0 plate armour (heavily wounded, ally target, about 33% to evade your +0 spear)
You hit the orc warrior but do no damage.
The orc warrior is heavily wounded.
The orc warrior hits you with a +0 scimitar.
* * * LOW HITPOINT WARNING * * *
Reach: a) +0 spear
Press: ? - help, Dir - move target, f/p - orc warrior
Aim: an orc warrior, wielding a +0 scimitar and wearing a +0 plate armour (heavily wounded, ally target, about 33% to evade your +0 spear)
You barely miss the orc warrior.
The orc warrior is heavily wounded.
The orc warrior hits you with a +0 scimitar!
You die...
Beogh appreciates the orc warrior's killing of a heretic priest.

###
#..
#.#
#o#
#o#
#@#
#o#
#.#
###


You could see an orc warrior (ally target) and 2 friendly orcs.

Vanquished Creatures
  A hornet (D:7)
  An orc warrior (D:7)
  An ice beast (D:6)
  2 sky beasts (D:7)
  A black bear (D:4)
  3 centaurs
  A kobold brigand (D:6)
  A gnoll sergeant (D:7)
  A bullfrog (D:7)
  2 scorpions
  2 hounds
  2 gnoll boudas (D:5)
  6 iguanas
  3 orc wizards
  Ijyb (D:3)
  A sleepcap (D:7)
  Natasha (twice) (D:3)
  Robin (D:2)
  9 adders
  15 gnolls
  A shadow imp (D:2)
  2 ufetubi (D:6)
  2 dart slugs (D:3)
  14 orcs
  7 endoplasms
  3 giant cockroaches
  20 goblins
  10 hobgoblins
  3 jackals (D:1)
  2 quokkas (D:3)
  7 ball pythons
  4 bats
  3 frilled lizards (D:1)
  15 kobolds
  6 rats
155 creatures vanquished.

Vanquished Creatures (collateral kills)
  An ugly thing (D:7)
  A vampire mosquito (D:7)
  An orc priest (D:8)
  2 orcs (D:7)
5 creatures vanquished.

Vanquished Creatures (others)
  A human (D:5)
  An orc priest (D:4)
  An orc wizard (D:7)
  2 orcs
  A fungus (D:3)
  2 plants (D:7)
8 creatures vanquished.

Grand Total: 168 creatures vanquished

Notes
Turn   | Place    | Note
-------+----------+-------------------------------------------
     0 | D:1      | jimonade the Hill Orc Monk began the quest for the Orb.
     0 | D:1      | Reached XP level 1. HP: 19/19 MP: 1/1
   143 | D:1      | Reached XP level 2. HP: 23/27 MP: 2/2
   305 | D:1      | Reached skill level 1 in Invocations
   693 | D:1      | Reached XP level 3. HP: 29/33 MP: 3/3
  1309 | D:2      | Noticed Robin
  1356 | D:2      | Killed Robin
  1357 | D:2      | Reached skill level 4 in Polearms
  1357 | D:2      | Reached XP level 4. HP: 28/41 MP: 5/5
  1506 | D:2      | Reached skill level 1 in Armour
  1980 | D:3      | Found a burning altar of Makhleb.
  1989 | D:3      | Found a radiant altar of Vehumet.
  2093 | D:3      | Noticed Natasha
  2116 | D:3      | Killed Natasha
  2148 | D:3      | Reached XP level 5. HP: 47/47 MP: 6/6
  2150 | D:3      | Noticed Ijyb
  2427 | D:3      | Noticed Natasha
  2440 | D:3      | Killed Natasha
  2833 | D:3      | Found a runed translucent door.
  2834 | D:3      | Noticed Crazy Yiuf
  3465 | D:3      | Killed Ijyb
  3466 | D:3      | Reached XP level 6. HP: 19/53 MP: 8/8
  3640 | D:3      | Found a sparkling altar of Nemelex Xobeh.
  3891 | D:3      | Noticed Grinder
  3901 | D:3      | Paralysed by Grinder for 5 turns
  3913 | D:3      | Paralysed by Grinder for 4 turns
  4043 | D:4      | Identified a scroll of acquirement
  4043 | D:4      | Acquired the ring of the Soothsayer {rF+ rN+ Str+5}
  4078 | D:4      | Noticed a black bear
  4101 | D:4      | Killed a black bear
  4102 | D:4      | Reached skill level 5 in Fighting
  4102 | D:4      | Reached skill level 5 in Polearms
  4185 | D:4      | Became a worshipper of Beogh the Brigand
  4185 | D:4      | Reached * piety under Beogh
  4185 | D:4      | Reached ** piety under Beogh
  4356 | D:4      | Reached XP level 7. HP: 54/61 MP: 9/9
  4834 | D:5      | Entered Level 5 of the Dungeon
  4992 | D:5      | Acquired 978 gold pieces
  5215 | D:5      | Found a snail-covered altar of Cheibriados.
  5215 | D:5      | Found a sacrificial altar of Ru.
  5670 | D:5      | Found an ancient bone altar of Kikubaaqudgha.
  5677 | D:5      | Noticed a human
  5681 | D:5      | Killed a human
  6205 | D:6      | Got the Precepts of Entrancing Accomplices
  6224 | D:6      | Reached skill level 6 in Polearms
  6249 | D:6      | Reached skill level 5 in Invocations
  6257 | D:6      | Found an ornate altar of the Wu Jian Council.
  6274 | D:6      | Found Gozag's Platinum Reserve.
  6365 | D:6      | Found an opulent altar of Gozag.
  6369 | D:6      | Reached XP level 8. HP: 68/70 MP: 11/11
  6411 | D:6      | Reached *** piety under Beogh
  6679 | D:6      | Found a white marble altar of Elyvilon.
  7032 | D:7      | Reached skill level 7 in Polearms
  7786 | D:7      | Noticed a hornet
  7799 | D:7      | Killed a hornet
  7800 | D:7      | Reached skill level 5 in Armour
  7800 | D:7      | Reached skill level 1 in Shields
  7800 | D:7      | Reached XP level 9. HP: 42/78 MP: 13/13
  7974 | D:7      | Found a staircase to the Ecumenical Temple.
  8202 | D:7      | Noticed a cyan ugly thing
  8222 | D:7      | Killed a cyan ugly thing
  8223 | D:7      | Reached skill level 8 in Polearms
  8850 | D:8      | Slain by an orc warrior

Illustrated notes

Levels and vault maps discovered:
D:1:      dpeg_arrival_boxorama, layout_loops_corners, minmay_liquid_box
D:2:      minmay_evil_eye, layout_basic, uniq_robin
D:3:      minmay_razor_zed, layout_loops_ring, general_overflow_altar,
          lemuel_tele_altar, amcnicky_altar_gilded, item_on_display_b,
          uniq_grinder, uniq_ijyb, uniq_natasha, uniq_crazy_yiuf_cottage
D:4:      nicolae_cairo_tiling_large_dashed, layout_loops_ring
D:5:      layout_layer_cave, tgw_kikubaaqudgha, gammafunk_temple_overflow_wave,
          kennysheep_generic_room_10
D:6:      layout_loops_cross, mainiacjoe_overflow_chevrons,
          nicolae_gozag_zags_fifth_avenue, nicolae_wu_jian_wuxing_cycle
D:7:      minmay_cornered_nines, layout_layer_cave,
          minmay_temple_entry_overgrown
D:8:      layout_basic, grunt_dithmenos_smoke_and_mirrors

Skill      XL: |  1  2  3  4  5  6  7  8  9 |
---------------+----------------------------+-----
Fighting       | 4 5 6 7 |  7.4
Invocations    | 1 2 3 5 6 7 |  7.3
Polearms       | 4 5 6 7 8 |  8.4
Armour         | 1 2 3 5 |  5.6
Dodging        | 3 |  3.3
Shields        | 1 2 |  2.4
Throwing       | |  0.3
Stealth        | |  1.5

Action                     |  1- 3 |  4- 6 |  7- 9 || total
---------------------------+-------+-------+-------++-------
  Melee: Spear             |   183 |   286 |   136 ||   605
         Punch             |       |     4 |       ||     4
         Halberd           |       |    53 |   183 ||   236
  Throw: Dart              |       |     4 |     3 ||     7
 Invoke: Convert to Beogh  |       |     1 |       ||     1
  Evoke: Wand              |       |       |     1 ||     1
    Use: Scroll            |       |     5 |     8 ||    13
   Stab: Confused          |       |       |     3 ||     3
         Paralysed         |       |       |     8 ||     8
 Armour: Chain mail        |   107 |   145 |       ||   252
         Ring mail         |       |       |    60 ||    60
         Plate armour      |       |       |    74 ||    74
  Dodge: Dodged            |    52 |    98 |   129 ||   279
  Block: Kite shield       |       |       |    54 ||    54

Table legend: (Time is in decaauts)
 A = Elapsed time spent in this place.
 B = Non-inter-level travel time spent in this place.
 C = Inter-level travel time spent in this place.
 D = Time resting spent in this place.
 E = Time spent auto-exploring this place.
 F = Levels seen in this place.
 G = Mean time per level.
                   A        B        C        D        E       F      G
               +--------+--------+--------+--------+--------+-----+--------+
         Total |   8854 |   8492 |    362 |   1563 |   3806 |   8 | 1106.8 |
       Dungeon |   8854 |   8492 |    362 |   1563 |   3806 |   8 | 1106.8 |
               +--------+--------+--------+--------+--------+-----+--------+

Top non-repeatable levels by time:
     D:7: 1547 daAuts
     D:2: 1518 daAuts
     D:3: 1399 daAuts
     D:5: 1362 daAuts
     D:6: 1113 daAuts
     D:1: 1087 daAuts
     D:4: 805 daAuts
     D:8: 20 daAuts
